Cogmind - Beta 14 @@@ ROGUE MODE // 2025.01.11 @ 18:43:24 Player: aloola Result: Destroyed by G-50 Soldier with Heavy Laser Performance ------------- Evolutions (4) 2000 Regions Visited (9) 1800 Robots Destroyed (49) 245 Value Destroyed (1754) 1754 Prototype IDs (6) 120 Alien Tech Used (0) 0 Bonus (321) 321 TOTAL SCORE: 6240 Bonus ------- Follower Combat Kills 21 Aligned with FarCom 300 Cogmind --------- Core Integrity 0/850 Matter 293/300 Energy 89/100 System Corruption 7% Temperature Cool (9) Movement Walking (120) Location -6/Factory Parts ------- > --- POWER (1) -------- (None) > --- PROPULSION (4) --- Flexi-carbon Leg > --- UTILITY (7) ------ Medium Storage Unit Advanced Terrain Scan Processor Advanced Targeting Computer > --- WEAPON (3) ------- (None) > --- INVENTORY (10) --- Xenon Bombardment Thruster Xenon Bombardment Thruster Core Analyzer Advanced ECM Suite Improved Field Recycling Unit (0) Peak State ------------ > --- POWER ------------ Micro Nuclear Core > --- PROPULSION ------- Improved Carbon-fiber Leg Improved Carbon-fiber Leg Gravmag System Gravmag System > --- UTILITY ---------- Medium Storage Unit Advanced Weight Redist. System Improved Signal Interpreter Improved Terrain Scanner Improved Terrain Scan Processor Advanced Terrain Scan Processor Advanced Targeting Computer > --- WEAPON ----------- Plasma Cannon Remote Datajack > --- INVENTORY -------- Enhanced Nuclear Core Titanium Leg Xenon Bombardment Thruster Xenon Bombardment Thruster Advanced ECM Suite Improved Light Armor Plating Improved Field Recycling Unit Cooled Plasma Cannon Heavy Battle Rifle Long-range Missile Launcher [Rating: 52] Favorites ----------- Power Ion Engine Engine Ion Engine Power Core Micro Nuclear Core Propulsion Combat Airjet Leg Improved Carbon-fiber Leg Hover Unit Combat Airjet Flight Unit Cesium-ion Thruster Utility Advanced Targeting Computer Device Advanced Weight Redist. System Storage Medium Storage Unit Processor Advanced Targeting Computer Hackware Hacking Suite Protection Improved Light Armor Plating Weapon Plasma Cannon Energy Gun Small Laser Energy Cannon Plasma Cannon Ballistic Gun Gauss Rifle Launcher Rocket Launcher Special Weapon Remote Datajack Slashing Weapon Chainsword Build | -11 -10 -10 -10 -9 -8 -7 -7 -7 -6 ------- Run | Yrd Mat Min Exi Min Mat Fac Low Low Fac Slots Evolved 8 | . . . . . 4 2 . . 2 Power . | . . . . . . . . . . Propulsion 2 | . . . . . 1 1 . . . Utility 5 | . . . . . 3 . . . 2 Weapon 1 | . . . . . . 1 . . . Parts Attached 87 | 5 8 3 5 9 21 14 8 1 13 Power 10 | 1 . . . 2 3 1 . . 3 Engine 6 | 1 . . . 2 2 . . . 1 Core 4 | . . . . . 1 1 . . 2 Reactor . | . . . . . . . . . . Propulsion 27 | 2 3 3 . 1 5 6 4 . 3 Treads . | . . . . . . . . . . Leg 6 | 2 . . . . . . 2 . 2 Wheel . | . . . . . . . . . . Hover 16 | . 3 3 . 1 4 2 2 . 1 Flight 5 | . . . . . 1 4 . . . Utility 28 | . 5 . 2 3 7 5 2 1 3 Device 18 | . 5 . 1 3 5 3 1 . . Storage 2 | . . . 1 . . 1 . . . Processor 5 | . . . . . 2 . . 1 2 Hackware 1 | . . . . . . 1 . . . Protection 2 | . . . . . . . 1 . 1 Artifact . | . . . . . . . . . . Weapon 22 | 2 . . 3 3 6 2 2 . 4 Energy Gun 6 | 2 . . 2 1 . . 1 . . Energy Cannon 7 | . . . 1 . 3 1 1 . 1 Ballistic Gun 3 | . . . . 1 . 1 . . 1 Ballistic Cannon . | . . . . . . . . . . Launcher 3 | . . . . 1 1 . . . 1 Special Weapon 1 | . . . . . . . . . 1 Impact Weapon . | . . . . . . . . . . Slashing Weapon 2 | . . . . . 2 . . . . Piercing Weapon . | . . . . . . . . . . Special Melee Weapon . | . . . . . . . . . . Unidentified Prototypes 5 | . . . 2 1 . . . . 2 Corrupted Parts 1 | . . . . . . . . . 1 System Corruption 5 | . . . . . . . . . 5 Parts Lost 36 | . 1 . . 4 7 . 5 . 19 Power 5 | . . . . 1 1 . . . 3 Propulsion 14 | . 1 . . 1 3 . 3 . 6 Utility 10 | . . . . 1 3 . 1 . 5 Weapon 7 | . . . . 1 . . 1 . 5 Highest Loss Streak 10 | . 1 . . 2 3 . 5 . 10 To Critical Strikes . | . . . . . . . . . . Average Slot Usage (%) 86 | . 90 100 98 95 90 74 76 81 82 Engine 6 | . 14 14 14 13 2 7 . . . Core 3 | . . . . . 6 . 7 7 4 Leg 3 | . . . . . . . 9 15 11 Hover 17 | . 26 28 28 27 24 2 4 15 10 Flight 4 | . . . . . . 23 7 . . Device 19 | . 19 28 28 25 28 10 11 15 11 Storage 2 | . . . . . . 5 7 7 6 Processor 9 | . . . . . 10 12 7 12 24 Energy Gun 8 | . 28 28 26 26 . . . . . Energy Cannon 4 | . . . . . 6 7 6 7 5 Launcher 1 | . . . . . 5 1 . . . Slashing Weapon 1 | . . . . . 5 . . . . Peak Build Rating 52 | 5 11 17 33 17 37 41 41 40 52 Average Rating 29 | 3 8 14 17 16 34 33 35 38 45 On Entrance 21 | . 5 10 17 17 16 30 39 37 40 Naked Turns . | . . . . . . . . . . Heaviest Build 32 | 7 10 10 26 12 32 31 30 24 27 Greatest Support 45 | 20 20 24 24 24 31 33 45 27 45 Greatest Overweight (x) 8 | 1 2 . 1 . 1 1 2 . 8 Average Overweight (x) . | . . . . . . . . . . Largest Inventory Capacity 10 | 5 5 5 5 5 5 10 10 10 10 Average Capacity 7 | 5 5 5 5 5 5 9 10 10 10 Most Carried 10 | 3 5 5 5 5 5 10 10 10 10 Average Carried 6 | 2 4 4 4 4 4 8 9 9 8 Final Capacity 10 | 5 5 5 5 5 5 10 10 10 10 Final Carried 10 | 3 3 5 5 1 3 10 10 10 5 Class Distribution -------------------- 47% | Mutant 18% | Scavenger-Mutant 13% | Sprinter 12% | Scout 6% | Gladiator Dominant Class ---------------- Mutant | -10/Materials Mutant | -10/Mines Mutant | -10/Exiles Mutant | -9/Mines Scavenger-Mutant | -8/Materials Sprinter | -7/Factory Mutant | -7/Lower Caves Mutant | -7/Lower Caves Scout | -6/Factory Resources | -11 -10 -10 -10 -9 -8 -7 -7 -7 -6 ----------- Run | Yrd Mat Min Exi Min Mat Fac Low Low Fac Matter Collected 1430 | 221 109 30 . 183 207 224 268 10 178 Remotely . | . . . . . . . . . . Salvage Created 1654 | . 149 . . 203 363 44 384 . 511 Parts 80 | . 4 . . 11 23 3 17 . 22 Haulers Intercepted . | . . . . . . . . . . Recyclers Shooed 1 | . . . . . . . . . 1 Parts Field Recycled . | . . . . . . . . . . Retrieved Matter . | . . . . . . . . . . Parts Self-Destructed 13 | . . . . . . . 13 . . Prevented . | . . . . . . . . . . Kills | -11 -10 -10 -10 -9 -8 -7 -7 -7 -6 ------- Run | Yrd Mat Min Exi Min Mat Fac Low Low Fac Combat Hostiles Destroyed 41 | . 3 . . 10 10 1 7 . 10 Melee 4 | . . . . . 4 . . . . Guns 17 | . 3 . . 10 . . 3 . 1 Cannons 10 | . . . . . . 1 4 . 5 AOE 8 | . . . . . 5 . . . 3 Classes Destroyed 10 | . 2 . . 1 2 1 1 . 3 Worker 1 | . . . . . . . . . 1 Builder 3 | . . . . . 1 . . . 2 Recycler 1 | . . . . . . . . . 1 Watcher 3 | . 1 . . . 1 . . . 1 Swarmer 11 | . . . . 8 . . . . 3 Grunt 21 | . 3 . . 2 9 . 4 . 3 Brawler 2 | . . . . . . . 2 . . Sentry 2 | . . . . . . . . . 2 Hunter 2 | . . . . . 1 . . . 1 Programmer 3 | . . . . . . 1 1 . 1 Best Kill Streak 7 | . 2 . . 3 7 1 4 . 7 Combat Bots Only 6 | . 2 . . 3 6 1 4 . 3 Max Kills in Single Turn 4 | . 1 . . 1 2 1 1 . 4 Gunslinging . | . . . . . . . . . . Exploded 1 | . . . . . 1 . . . 1 Melee 1 | . . . . . 1 . . . . Uniques/NPCs Destroyed . | . . . . . . . . . . Combat | -11 -10 -10 -10 -9 -8 -7 -7 -7 -6 -------- Run | Yrd Mat Min Exi Min Mat Fac Low Low Fac Hostile Shots Fired 505 | . 30 . . 70 40 2 34 27 302 Missed 192 | . 12 . . 28 10 1 6 14 121 Damage Taken 4480 | . 244 . . 418 836 16 452 95 2419 Core 1252 | . 87 . . 86 130 . 62 26 861 Absorbed by Shields 23 | . 11 . . . 12 . . . . Regen/Repaired (Parts) 113 | . . . . . . 113 . . . Core Remaining (%) 73 | 100 . . . 30 76 . . 87 . Volleys Fired 142 | . 16 5 . 29 29 1 28 . 34 Largest 3 | . 2 2 . 2 2 1 3 . 1 Hottest 173 | . 80 80 . 105 113 80 173 . 105 Shots Fired 224 | . 32 10 . 56 35 1 56 . 34 Gun 132 | . 32 10 . 56 . . 31 . 3 Cannon 61 | . . . . . 15 1 25 . 20 Launcher 26 | . . . . . 20 . . . 6 Special 5 | . . . . . . . . . 5 Kinetic 36 | . . . . 5 . . 28 . 3 Thermal 157 | . 32 10 . 51 15 1 28 . 20 Explosive 26 | . . . . . 20 . . . 6 Electromagnetic . | . . . . . . . . . . Robot Hit Streak 14 | . 6 4 . 10 3 3 7 . 14 Robot Miss Streak 5 | . 4 4 . 5 2 . 3 . 2 Penetration Max 1 | . . . . . . . 1 . . Secondary Targets . | . . . . . . . . . . Shots Hit Robots 143 | . 17 5 . 35 24 1 33 . 28 Core Hits 78 | . 8 2 . 12 17 1 15 . 23 Critical Kills . | . . . . . . . . . . Critical Parts Destroyed . | . . . . . . . . . . Critical Strikes 1 | . . . . . 1 . . . . Sever 1 | . . . . . 1 . . . . Melee Attacks 15 | . . . . . 15 . . . . Impact . | . . . . . . . . . . Slashing 15 | . . . . . 15 . . . . Piercing . | . . . . . . . . . . Sneak Attacks . | . . . . . . . . . . Combat Hostiles . | . . . . . . . . . . Follow-up Attacks 2 | . . . . . 2 . . . . Damage Inflicted 4358 | . 206 54 . 467 1307 31 696 . 1597 Guns 1094 | . 206 54 . 467 . . 307 . 60 Cannons 1321 | . . . . . 230 31 389 . 671 Explosions 1548 | . . . . . 683 . . . 865 Melee 394 | . . . . . 394 . . . . Ramming 1 | . . . . . . . . . 1 Kinetic 405 | . . . . 38 . . 307 . 60 Thermal 2010 | . 206 54 . 429 230 31 389 . 671 Explosive 1548 | . . . . . 683 . . . 865 Electromagnetic . | . . . . . . . . . . Impact . | . . . . . . . . . . Slashing 394 | . . . . . 394 . . . . Piercing . | . . . . . . . . . . Highest Corruption 12 | . . . . 5 12 . 1 1 7 Average Corruption 2 | . . . . 5 12 . 1 1 1 Corruption Purged . | . . . . . . . . . . Corruption Blocked . | . . . . . . . . . . Effects 8 | . . . . . 4 . . . 4 Message Errors 1 | . . . . . 1 . . . . Matter Fused 3 | . . . . . 1 . . . 2 Energy Discharges 3 | . . . . . 1 . . . 2 Parts Fused 1 | . . . . . 1 . . . . Overload Shots 3 | . . . . . . . . . 3 Overflow Damage 68 | . . . . . 48 . . . 20 Projectiles 22 | . . . . . 16 . . . 6 Explosions 46 | . . . . . 32 . . . 14 Melee . | . . . . . . . . . . Knockbacks . | . . . . . . . . . . Impact . | . . . . . . . . . . Kinetic . | . . . . . . . . . . Secondary . | . . . . . . . . . . Self-Inflicted Damage 74 | . . . . . 30 . . . 44 Shots 2 | . . . . . 1 . . . 1 Rammed 1 | . . . . . . . . . 1 Targets Rammed 1 | . . . . . . . . . 1 Kicked . | . . . . . . . . . . Crushed . | . . . . . . . . . . Highest Temperature 439 | . 394 94 . 439 304 34 423 . 177 Average Temperature 139 | . 188 44 . 139 132 16 157 . 67 Received Heat Transfer 1396 | . 148 . . 105 246 . 270 24 603 Effects 12 | . . . . 4 2 . 6 . . Shutdowns 2 | . . . . 1 . . 1 . . Energy Bleed 4 | . . . . 1 2 . 1 . . Interference 3 | . . . . . . . 3 . . Matter Decay 1 | . . . . 1 . . . . . Short Circuit 2 | . . . . 1 . . 1 . . Siege Activations . | . . . . . . . . . . Robots Corrupted 1 | . . . . . . . . . 1 Combat Hostiles 1 | . . . . . . . . . 1 Parts Fried 1 | . . . . . . . . . 1 Impact Corruptions 1 | . . . . . . . . . 1 Robots Melted . | . . . . . . . . . . Combat Hostiles . | . . . . . . . . . . Parts Melted 6 | . 1 . . 2 . . . . 3 Heat Transferred 3869 | . 475 125 . 979 450 50 750 . 1040 Parts Sabotaged . | . . . . . . . . . . Parts Stolen . | . . . . . . . . . . Parts Stripped . | . . . . . . . . . . Power Chain Reactions . | . . . . . . . . . . Alert | -11 -10 -10 -10 -9 -8 -7 -7 -7 -6 ------- Run | Yrd Mat Min Exi Min Mat Fac Low Low Fac Peak Influence 251 | . 209 81 . 233 209 52 . . 251 Initial 81 | . . 81 . . 43 16 . . 24 Average 61 | . 113 39 . 75 81 18 . . 52 Maximum Alert Level 1 | . 1 . . 1 1 . . . 1 Low Security (%) 95 | 100 86 100 . 87 97 100 . . 95 Level 1 4 | . 13 . . 12 2 . . . 4 Level 2 . | . . . . . . . . . . Level 3 . | . . . . . . . . . . Level 4 . | . . . . . . . . . . Level 5 . | . . . . . . . . . . High Security . | . . . . . . . . . . Max Security . | . . . . . . . . . . Squads Dispatched 11 | . 1 . . . 2 3 . . 5 Investigation 4 | . . . . . 2 1 . . 1 Extermination 3 | . . . . . . 1 . . 2 Reinforcement 4 | . 1 . . . . 1 . . 2 Assault . | . . . . . . . . . . Garrison . | . . . . . . . . . . Intercept . | . . . . . . . . . . Searches Triggered . | . . . . . . . . . . Construction Impeded 1 | . . . . . . . . . 1 Haulers Reinforced 1 | . . . . . . . . . 1 Active Scanning Responses . | . . . . . . . . . . Cargo Convoy Interrupts . | . . . . . . . . . . Stealth | -11 -10 -10 -10 -9 -8 -7 -7 -7 -6 --------- Run | Yrd Mat Min Exi Min Mat Fac Low Low Fac Distress Signals 5 | . 1 . . 1 1 . . . 2 Communications Jammed . | . . . . . . . . . . Distress Signals . | . . . . . . . . . . Times Spotted 92 | . 13 4 . 24 17 2 7 2 23 Peak Tracking Total 9 | . 5 2 . 4 3 2 4 1 9 Tactical Retreats 14 | . 2 . . 5 2 1 . 1 3 Traps | -11 -10 -10 -10 -9 -8 -7 -7 -7 -6 ------- Run | Yrd Mat Min Exi Min Mat Fac Low Low Fac Traps Triggered 1 | . . . . . . 1 . . . Indirectly . | . . . . . . . . . . Trap Hack Attempts . | . . . . . . . . . . Triggered . | . . . . . . . . . . Disarmed . | . . . . . . . . . . Reprogrammed . | . . . . . . . . . . Reused . | . . . . . . . . . . Traps Extracted . | . . . . . . . . . . Installed . | . . . . . . . . . . Triggered 1 | . . . . . . . 1 . . Machines | -11 -10 -10 -10 -9 -8 -7 -7 -7 -6 ---------- Run | Yrd Mat Min Exi Min Mat Fac Low Low Fac Machines Disabled 3 | . . . . . 3 . . . . Max in Single Turn 1 | . . . . . 1 . . . . Machines Repaired . | . . . . . . . . . . Machines Dismantled . | . . . . . . . . . . Machines Sabotaged . | . . . . . . . . . . Overloaded Fab Kills . | . . . . . . . . . . Hacking | -11 -10 -10 -10 -9 -8 -7 -7 -7 -6 --------- Run | Yrd Mat Min Exi Min Mat Fac Low Low Fac Machines Accessed 35 | . 4 . 4 . 10 9 1 . 7 Terminals 22 | . 4 . . . 7 5 . . 6 Fabricators 1 | . . . . . . 1 . . . Repair Stations 1 | . . . . . . 1 . . . Recycling Units 3 | . . . . . 1 1 . . 1 Scanalyzers 3 | . . . . . 2 1 . . . Garrison Access . | . . . . . . . . . . Total Hacks 140 | . 17 . 49 . 31 23 1 . 19 Successful 94 | . 6 . 49 . 17 12 1 . 9 Failed 46 | . 11 . . . 14 11 . . 10 Catastrophic 12 | . 1 . . . 4 4 . . 3 Database Lockouts . | . . . . . . . . . . Manual 30 | . 10 . 1 . 10 4 . . 5 Terminals 65 | . 17 . . . 19 12 . . 17 Fabricators 2 | . . . . . . 2 . . . Repair Stations 2 | . . . . . . 2 . . . Recycling Units 8 | . . . . . 2 4 . . 2 Scanalyzers 13 | . . . . . 10 3 . . . Garrison Access . | . . . . . . . . . . Terminal Hacks 75 | . 6 . 49 . 8 3 1 . 8 Record 56 | . . . 49 . . . . . 7 Robot Analysis 3 | . 1 . . . . 2 . . . Open Door 1 | . . . . . . . 1 . . Open DSF 1 | . . . . . . . . . 1 Level Access Points 1 | . . . . . 1 . . . . Branch Access Points 3 | . 1 . . . 1 1 . . . Emergency Access Points 1 | . . . . . 1 . . . . Terminal Index 2 | . 1 . . . 1 . . . . Alert Level 1 | . . . . . 1 . . . . Unreport Threat 1 | . . . . . 1 . . . . Dispatch Records 2 | . 1 . . . 1 . . . . Investigation Status 1 | . 1 . . . . . . . . Hauler Manifests 1 | . . . . . 1 . . . . Zone Layout 1 | . 1 . . . . . . . . Fabricator Hacks 1 | . . . . . . 1 . . . Network Status 1 | . . . . . . 1 . . . Repair Station Hacks 2 | . . . . . . 2 . . . Scan Component 1 | . . . . . . 1 . . . Repair 1 | . . . . . . 1 . . . Recycling Unit Hacks 6 | . . . . . 2 3 . . 1 Process 1 | . . . . . . 1 . . . Report Inventory 3 | . . . . . 1 1 . . 1 Retrieve Matter 1 | . . . . . . 1 . . . Retrieve Components 1 | . . . . . 1 . . . . Scanalyzer 10 | . . . . . 7 3 . . . Insert Component 4 | . . . . . 3 1 . . . Analyze 6 | . . . . . 4 2 . . . Garrison Access Hacks . | . . . . . . . . . . Unauthorized Hacks . | . . . . . . . . . . Terminals . | . . . . . . . . . . Fabricators . | . . . . . . . . . . Repair Stations . | . . . . . . . . . . Recycling Units . | . . . . . . . . . . Scanalyzers . | . . . . . . . . . . Garrison Access . | . . . . . . . . . . Data Cores Recovered . | . . . . . . . . . . Used . | . . . . . . . . . . Hacking Detections 26 | . 4 . . . 9 7 . . 6 Full Trace Events 6 | . 1 . . . 3 1 . . 1 Feedback Events . | . . . . . . . . . . Feedback Blocked . | . . . . . . . . . . Robot Schematics Acquired . | . . . . . . . . . . Robots Built . | . . . . . . . . . . Authchips . | . . . . . . . . . . Time . | . . . . . . . . . . Total Robot Build Rating . | . . . . . . . . . . Part Schematics Acquired 4 | . . . . . 3 1 . . . Parts Built . | . . . . . . . . . . Authchips . | . . . . . . . . . . Time . | . . . . . . . . . . Total Part Build Rating . | . . . . . . . . . . Parts Repaired 1 | . . . . . . 1 . . . Time 50 | . . . . . . 50 . . . Parts Recycled . | . . . . . . . . . . Recycled Matter 8 | . . . . . . 8 . . . Retrieved Matter 8 | . . . . . . 8 . . . Retrieved Components 6 | . . . . . 6 . . . . Parts Scanalyzed 4 | . . . . . 3 1 . . . Part Schematics Acquired 4 | . . . . . 3 1 . . . Parts Damaged . | . . . . . . . . . . Bothacking | -11 -10 -10 -10 -9 -8 -7 -7 -7 -6 ------------ Run | Yrd Mat Min Exi Min Mat Fac Low Low Fac Used RIF Installer . | . . . . . . . . . . Robots Hacked 3 | . . . . . . . . . 3 Non-combat 3 | . . . . . . . . . 3 Combat . | . . . . . . . . . . Robot Hacks Applied 4 | . . . . . . . . . 4 parse_system 3 | . . . . . . . . . 3 find_recycling 1 | . . . . . . . . . 1 Relay Couplers Released . | . . . . . . . . . . Fabnet Peak Effective % . | . . . . . . . . . . Robots Rewired . | . . . . . . . . . . Allies Hacked . | . . . . . . . . . . Hacks Repelled . | . . . . . . . . . . Allies | -11 -10 -10 -10 -9 -8 -7 -7 -7 -6 -------- Run | Yrd Mat Min Exi Min Mat Fac Low Low Fac Total Allies 3 | . . 3 . . . . . . . Largest Group 3 | . . 3 . . . . . . . Highest-Rated Group 40 | . . 40 . . . . . . . Highest-Rated Ally 16 | . . 16 . . . . . . . Total Orders . | . . . . . . . . . . Ally Attacks 20 | . . 15 . 5 . . . . . Total Damage 353 | . . 149 . 204 . . . . . Kills 3 | . . . . 3 . . . . . Allies Corrupted . | . . . . . . . . . . Allies Melted . | . . . . . . . . . . Turrets Deployed 2 | . . . . 2 . . . . . Intel | -11 -10 -10 -10 -9 -8 -7 -7 -7 -6 ------- Run | Yrd Mat Min Exi Min Mat Fac Low Low Fac Robot Analysis Total 3 | . 1 . . . . 2 . . . Derelict Logs Recovered 4 | . . . . 2 . . 1 1 . Drone Launches . | . . . . . . . . . . Drone Recoveries . | . . . . . . . . . . Exploration | -11 -10 -10 -10 -9 -8 -7 -7 -7 -6 ------------- Run | Yrd Mat Min Exi Min Mat Fac Low Low Fac Turns Passed 6981 | 98 353 160 802 864 1650 1049 788 163 1054 Spaces Moved 7896 | 79 445 201 1009 881 1441 1945 877 200 818 Core 40 | 16 1 . . . . . . . 23 Treads . | . . . . . . . . . . Legs 340 | 63 3 . . . . . 224 . 50 Wheels . | . . . . . . . . . . Hover 5411 | . 441 201 1009 881 1441 211 282 200 745 Flight 2105 | . . . . . . 1734 371 . . Fastest Speed 26 | 50 56 56 77 77 66 26 26 76 50 Average Speed 64 | 109 56 68 77 77 74 32 73 76 82 Slowest Speed 450 | 120 150 77 147 80 147 150 195 76 450 Overloaded Moves . | . . . . . . . . . . Propulsion Burnouts . | . . . . . . . . . . Robots Hopped 31 | . . . . . . 31 . . . Cave-ins Triggered 1 | . . . . . 1 . . . . Exploration Rate (%) 47 | 4 58 35 94 89 47 35 76 19 20 Regions Visited 9 Branch Regions 5 Pre-discovered Areas 2 | . . . 1 1 . . . . . Known Exits Taken 4 | . 1 . . . 1 1 . 1 . Unknown Exits Taken 5 | 1 . 1 1 1 . . 1 . . Scrap Searched 7 | . . 1 . 2 . . 3 1 . Spaces Dug 81 | . . . . . 81 . . . . Terrain Destroyed 186 | . . . . . 167 . 1 . 18 Melee . | . . . . . . . . . . Projectile 6 | . . . . . 5 . 1 . . AOE 180 | . . . . . 162 . . . 18 Terrain Rammed . | . . . . . . . . . . Walls Destroyed . | . . . . . . . . . . Machines Disabled . | . . . . . . . . . . Actions | -11 -10 -10 -10 -9 -8 -7 -7 -7 -6 --------- Run | Yrd Mat Min Exi Min Mat Fac Low Low Fac Total 9493 | 88 515 213 1029 1013 1970 2325 971 210 1159 Wait 1237 | . 34 3 . 84 440 336 47 9 284 Move 7833 | 78 444 200 1008 880 1439 1891 876 199 818 Hop 22 | . . . . . . 22 . . . Pick Up 62 | 4 4 1 5 3 14 23 3 1 4 Fast Attach 36 | 5 5 . 3 1 5 6 5 . 6 Attach 28 | . 3 . 1 5 5 4 3 1 6 Detach 17 | . 3 . 1 2 2 5 4 . . Swap 24 | . . 3 1 3 11 4 . . 2 Drop 58 | 1 6 1 8 6 12 15 5 . 4 Fire 142 | . 16 5 . 29 29 1 28 . 34 Melee 12 | . . . . . 12 . . . . Ram 1 | . . . . . . . . . 1 Kick . | . . . . . . . . . . Crush . | . . . . . . . . . . Escape Stasis 19 | . . . . . 1 18 . . . Rewire 2 | . . . 2 . . . . . . Trap . | . . . . . . . . . . Miscellaneous . | . . . . . . . . . . Route ------- -11/Scrapyard -10/Materials (discovered 4 exits: [*Mat x2] / *Min x2) -10/Mines -10/Exiles (discovered 2 exits: [*Min x2]) -9/Mines -8/Materials (discovered 3 exits: *Fac x3) -7/Factory (discovered 4 exits: *Fac / Sto / *Low x2) -7/Lower Caves -7/Lower Caves -6/Factory History --------- Turn | Location | Event 10 | -11/Scrapyard | Discovered new exit (range 15) 99 | -11/Scrapyard | Entered Materials 145 | -10/Materials | Discovered new exit (range 9) 152 | -10/Materials | Discovered new exit (range 13) 204 | -10/Materials | Identified exit to Mines 314 | -10/Materials | Build established: Mutant 428 | -10/Materials | Discovered new exit (range 15) 452 | -10/Materials | Entered Mines 453 | -10/Mines | Assembled infested the area 454 | -10/Mines | Assisted by bots powering up and referring to "LRC-V3" 481 | -10/Mines | Met 8R-AWN 538 | -10/Mines | Lost 3 allies 608 | -10/Mines | Discovered new exit (range 5) 612 | -10/Mines | Entered Exiles 626 | -10/Exiles | Discovered new exit (range 15) 638 | -10/Exiles | Welcomed by 8R-AWN 651 | -10/Exiles | Met EX-HEX 698 | -10/Exiles | Met EX-DEC 722 | -10/Exiles | Learned location of Zion (-6) 745 | -10/Exiles | Met EX-BIN 817 | -10/Exiles | Aligned with FarCom system 818 | -10/Exiles | Given EX-Vault access code 859 | -10/Exiles | Opened EX-Vault 864 | -10/Exiles | Found Prototype Storage 865 | -10/Exiles | Identified Superbattery 878 | -10/Exiles | Found Prototype Energy Cannon 887 | -10/Exiles | Identified YOLO Cannon 906 | -10/Exiles | Found Deploy-a-Sentry 909 | -10/Exiles | Found Deploy-a-Sentry 932 | -10/Exiles | Warned to stay clear of 0b10 Research branches 988 | -10/Exiles | Discovered new exit (range 14) 1049 | -10/Exiles | Visited The Gauntlet 1229 | -10/Exiles | Learned about 8R-AWN's background 1414 | -10/Exiles | Left Exiles lab with Deploy-a-Sentry 1414 | -10/Exiles | Entered Mines 1421 | -9/Mines | Received a Rocket Launcher from a helpful Derelict 1427 | -9/Mines | DAS Turret deployed 1445 | -9/Mines | Found a damaged Exp. Sensor Array with a note attached 1462 | -9/Mines | Found Prototype Device 1520 | -9/Mines | DAS Turret deployed 1522 | -9/Mines | Learned Materials security intel 1662 | -9/Mines | Learned location of Storage (-7) 1949 | -9/Mines | Core integrity fell below 50% 2203 | -9/Mines | Discovered new exit (range 8) 2246 | -9/Mines | Identified Exp. Sensor Array 2278 | -9/Mines | Entered Materials 2278 | -8/Materials | Evolved 4 slots: Propulsion x1, Utility x3 2583 | -8/Materials | Build established: Gladiator 3135 | -8/Materials | Build established: Scavenger-Mutant 3351 | -8/Materials | Identified exit to Factory 3860 | -8/Materials | Crushed by falling debris 3861 | -8/Materials | System corruption reached 10% 3891 | -8/Materials | Lost 3 parts (1n2u) 3928 | -8/Materials | Entered Factory 3928 | -7/Factory | Evolved 2 slots: Propulsion x1, Weapon x1 4062 | -7/Factory | Repaired Cmb. Airjet 4163 | -7/Factory | Identified exit to Storage 4163 | -7/Factory | Identified exit to Lower Caves 4446 | -7/Factory | Build established: Sprinter 4663 | -7/Factory | Discovered new exit (range 11) 4977 | -7/Factory | Entered Lower Caves 5031 | -7/Lower Caves | Encountered a Warlord checkpoint 5243 | -7/Lower Caves | Lost 5 parts (3n1u1w) 5420 | -7/Lower Caves | Build established: Mutant 5583 | -7/Lower Caves | Learned 4 Factory zone layouts 5635 | -7/Lower Caves | Discovered new exit (range 13) 5765 | -7/Lower Caves | Entered another Lower Caves area 5767 | -7/Lower Caves | Attracted the attention of an 0b10 checkpoint 5778 | -7/Lower Caves | Discovered new exit (range 7) 5804 | -7/Lower Caves | Learned Factory trap positions 5850 | -7/Lower Caves | Identified exit to Factory 5928 | -7/Lower Caves | Entered Factory 5928 | -6/Factory | Evolved 2 slots: Utility x2 5930 | -6/Factory | Loaded intel: 124 trap records 6239 | -6/Factory | Build established: Scout 6852 | -6/Factory | Lost 9 parts (2p4n1u2w) 6919 | -6/Factory | Core integrity fell below 50% 6947 | -6/Factory | Core integrity fell below 20% 6974 | -6/Factory | Lost 10 parts (1p2n4u3w) 6982 | -6/Factory | Destroyed by G-50 Soldier with Heavy Laser Last Messages --------------- 06949_ U-05 Engineer lays Concrete. 06950_ Acquired 55 matter. 06950_ U-05 Engineer lays Concrete. 06954_ Acquired Corrupted Flexi-carbon Leg. 06954_ Integrated Corrupted Flexi-carbon Leg (+5). 06955_ U-05 Engineer lays Concrete. 06956_ K-01 Serf collects debris. 06956_ U-05 Engineer lays Concrete. 06956_ Acquired 10 matter. 06957_ W-25 Informer sends out distress signal. 06957_ U-05 Engineer lays Concrete. 06958_ System corrupted: Energy discharge (-17). 06958_ U-05 Engineer lays Concrete. 06959_ K-01 Serf collects debris. 06960_ U-05 Engineer builds a Wall. 06963_ K-01 Serf collects debris. 06974_ ALERT: Cargo convoy en route, clear transfer corridor. 06982_ System corrupted: Matter fused (-7). Map ----- +----------------------------------------------------+ | ???# #????????????????????????????????? | | ?????????????????????????????????????????????????? | | ?????????????????????????????????????????????????? | | ?????????????????????????????????????????????????? | | ?????????????????????????????????????????????????? | | ?????????????????????????????????????????????????? | | ?##############??????????????????????????????????? | | ?# | #??????????????????????????????????? | | ?# #??????????????????????????????????? | | ?# """ #??????????????????????????????????? | | ?# """ #??????????????????????????????????? | | ?# """ #??????????????????????????????????? | | ?# #??????????????????????????????????? | | ?# #?????????????????????^^??^????????? | | ?# ! #??????????????????????^???????????? | | ?# #??????????????????????????????????? | | ?# [% = #?????????????????????^????????????? | | ?# ! #???????????????????????^??????????? | | ##% %% #??????????????????????????????????? | | % ####+######??????????????????????????????????? | | % ##??????????????????????????????????? | | % ##??????????????????????????????????? | | ##??????????????????????????????????? | | ###################?????????????????? | | g p l #?????????????????? | | @ #?????????????????? | | g #?????????????????? | | g k t u ??????????????? | | k########?????????????? | | ###### ################ #????????????????????? | | ?????#^^^^ #??????????????? #????????????????????? | | ?????# ^ ^#??????????????? ????????????????????? | | ?????+ +???????????????? ???????????????????? | | ?????# #???????????????? +??????????????????? | | ?????# #???????????????? #??????????????????? | | ?????# ?????????????????? #??????????????????? | | ?????# ??????????????????##??????????????????? | | ?????? ? ????????????????^^^????????????????????? | | ??????????????????????????^^^????????????????????? | | ?????????????????????????????????????????????????? | | ?????????????????????????????????????????????????? | | ?????????????????????????????????????????????????? | | ?????????????????????????????????????????????????? | | ?????????????????????????????????????????????????? | | ?????????????????????????????????????????????????? | | ?????????????????????????????????????????????????? | | ?????????????????????????????????????????????????? | | ?????????????????????????????????????????????????? | | ?????????????????????????????????????????????????? | | ?????????????????????????????????????????????????? | +----------------------------------------------------+ Best States ------------- Heat Dissipation 41 Coolant Potential 50 Energy Generation 18 Energy Capacity 250 Matter Stores 300 Matter Capacity 300 Sight Range 16 Terrain Scan Range 16 Terrain Scan Density 310 ECM Strength 1 Additional Mass Support 9 Armor Coverage 225 Evasion (%) 64 Targeting Accuracy 8 Force Boost 20 Offensive Hacking 10 Item Schematics ----------------- Rocket Launcher | -8/Materials | Scanalyzed Plasma Cannon | -8/Materials | Scanalyzed Imp. Flight Unit | -8/Materials | Scanalyzed Cmb. Airjet | -7/Factory | Scanalyzed Robot Schematics ------------------ None Fabricated ------------ Nothing Alien Tech Used ----------------- None Achievements -------------- Cya! Everything Is Under Control Omniscient Cartographer Please Form A Line Unlikely Earthworm root@ Challenges ------------ None Game ------ Seed ScrapTowerBotcube Manual? 0 Play Time 04:18:08 Cumulative 14.7 hours Start 2024.12.26 @ 22:54:33 End 2025.01.11 @ 18:43:24 Sessions 15 Manual Loads 0 Difficulty Rogue Special Mode None Game No. 6 Rogue 6 Adventurer 0 Explorer 0 Win Type - Total 0 Types 0/0/0/0/0/0/0/0/0 Lore% 12 Gallery% 14 Achievement% 14 Wizard Run 0 Options --------- Layout 1 ASCII 0 Keyboard 1 Movement Numpad Keybinds 0 Fullscreen 1 Font 24/Smallcaps Map View 50x35 Zoom Use 0% Tactical HUD 1 Map Filters NONE Filters NONE Steam 1 RUN: 046aafd5-3d24-4a20-8674-af229f23e974